 Dungeon Crawl Stone Soup version 0.29-a0-284-gf9362112df (webtiles) character file.

Game seed: 13190589851201658668

0 mistaj the Magician (level 1, -1/15 HPs)
             Began as a Djinni Fire Elementalist on Mar 23, 2022.
             Slain by a quokka (3 damage)
             ... on level 1 of the Dungeon.
             The game lasted 00:00:21 (25 turns).

mistaj the Magician (Djinni Fire Elementalist)        Turns: 25, Time: 00:00:22

Health: -1/15      AC:  2    Str:  7    XL:     1   Next: 0%
Gold:   0          EV: 12    Int: 16    God:
                   SH:  0    Dex: 13

rFire   + + .      SeeInvis .   (no weapon)
rCold   x . .      Faith    .   (no shield)
rNeg    . . .      Spirit   .   a - +0 robe
rPois   ∞          Reflect  .   (no helmet)
rElec   .          Harm     .   (no cloak)
rCorr   .          Rampage  .   (no gloves)
Will    .....                   (boots unavailable)
Stlth   ++........              (no amulet)
HPRegen 0.05/turn               (no ring)
MPRegen 0.00/turn               (no ring)

@: flying
A: sickness immunity, fire resistance 2, cold vulnerability 1, float, innate
caster, HP casting, extra vitality 1
a: no special abilities


You were on level 1 of the Dungeon.
You visited 1 branch of the dungeon, and saw 1 of its levels.

Inventory:

Missiles
 b - 2 throwing nets
Armour
 a - a +0 robe (worn)


   Skills:
 + Level 2.1 Dodging
 + Level 1.5 Stealth
 + Level 2.4 Spellcasting


You couldn't memorise any spells.
You knew the following spells:

 Your Spells              Type           Power      Damage    Failure   Level
a - Foxfire               Conj/Fire      36%        2x1d5     8%          1
b - Scorch                Fire           18%        2d6       11%         2
c - Conjure Flame         Conj/Fire      9%         6-21      22%         3
d - Inner Flame           Hex/Fire       9%         N/A       22%         3
e - Flame Wave            Conj/Fire      9%         2d5       58%         4
Your spell library was empty.

Dungeon Overview and Level Annotations

Branches:
Dungeon (1/15)

Altars:


Innate Abilities, Weirdness & Mutations

You are immune to sickness and miasma.
You are immune to poison.
Your flesh is very heat resistant. (rF++)
You are vulnerable to cold. (rC-)
You float through the air rather than walking.
You learn spells naturally, not from books.
Your magical power is your life essence.
You have superior vitality. (+4 MHP)


Message History

The heart of this dungeon contains the incredible artefact, the Orb of Zot.
Press ? for a list of commands and other information.
Found a staircase leading out of the dungeon.
You begin with the following spells memorised: Foxfire, Scorch, Conjure Flame, Inner Flame, Flame Wave.
Casting: Foxfire (safe; 8% risk of failure)
Press: ? - help, Q - select action, (/) - cycle Dir - look around, f - activate
Okay, then.
You reach down and open the door.
There is an open door here.
You reach down and open the door.
There is an open door here.
You reach down and open the door.
There is an open door here.
Found 2 throwing nets.
b - 2 throwing nets A quokka comes into view.
Casting: Foxfire (safe; 8% risk of failure)
Press: ? - help, Q - select action, (/) - cycle Dir - look around, f - activate
Okay, then.
The quokka bites you.
Casting: Foxfire (safe; 8% risk of failure)
Press: ? - help, Q - select action, (/) - cycle Dir - look around, f - activate You conjure some foxfire!
The quokka bites you. x2
Your foxfire dissipates!
The quokka attacks as you move away! The quokka bites you.
* * * LOW HITPOINT WARNING * * *
The foxfire hits the quokka.
The quokka is almost dead.
The quokka attacks as you move away! The quokka barely misses you.
Casting: Foxfire (safe; 8% risk of failure)
Press: ? - help, Q - select action, (/) - cycle Dir - look around, f - activate You conjure some foxfire!
* * * LOW HITPOINT WARNING * * *
The quokka twitches its whiskers.
The quokka bites you.
* * * LOW HITPOINT WARNING * * *
Your foxfire dissipates!
The quokka bites you.
You die...

##### #...
#..# #.# #.#
#.# ##+##
#r########...#
#@##.'.'.'.<.+
#.##.#####...#
#.#..# ##+##
#...## ##.##
#.. ##.# ^.
#..


You could see a quokka.

Vanquished Creatures (others)
  A foxfire (D:1)
1 creature vanquished.

Notes
Turn   | Place    | Note
-------+----------+-------------------------------------------
     0 | D:1      | mistaj the Djinni Fire Elementalist began the quest for the
                  | Orb.
     0 | D:1      | Reached XP level 1. HP: 15/15 MP: 0/0
    25 | D:1      | Slain by a quokka

Illustrated notes

Levels and vault maps discovered:
D:1:      minmay_arrival_doors, layout_rooms,
          shapermc_ecumenical_altar_acropolis, serial_shops, shop

Action                   || total
-------------------------++-------
 Cast: Foxfire           ||     2
Dodge: Dodged            ||     1

Table legend: (Time is in decaauts)
 A = Elapsed time spent in this place.
 B = Non-inter-level travel time spent in this place.
 C = Inter-level travel time spent in this place.
 D = Time resting spent in this place.
 E = Time spent auto-exploring this place.
 F = Levels seen in this place.
 G = Mean time per level.
                   A        B        C        D        E       F      G
               +--------+--------+--------+--------+--------+-----+--------+
         Total |     25 |     25 |      0 |      0 |      0 |   1 |   25.0 |
       Dungeon |     25 |     25 |      0 |      0 |      0 |   1 |   25.0 |
               +--------+--------+--------+--------+--------+-----+--------+

Top non-repeatable levels by time:
     D:1: 25 daAuts
